 Dungeon Crawl Stone Soup version 0.20.1-1-g8b1a95d66d (webtiles) character file.

112 Koyanaruu the Charmwright (level 5, -1/40 HPs)
             Began as a Human Wanderer on Dec 31, 2017.
             Slain by a rat (3 damage)
             ... on level 3 of the Dungeon.
             The game lasted 00:29:19 (3824 turns).

Koyanaruu the Charmwright (Human Wanderer)          Turns: 3824, Time: 00:29:20

Health: -1/40      AC:  8    Str: 15    XL:     5   Next: 16%
Magic:  7/9        EV: 11    Int: 11    God:
Gold:   132        SH:  0    Dex: 12    Spells: 4/9 levels left

rFire    . . .     SeeInvis +   g - +1 hand axe
rCold    . . .     Gourm    .   (no shield)
rNeg     . . .     Faith    .   q - +0 leather armour
rPois    .         Spirit   .   (no helmet)
rElec    .         Reflect  .   s - +2 cloak {+Inv}
rCorr    .         Harm     .   p - +0 pair of gloves
MR       .....                  n - +0 pair of boots
Stlth    +.........             (no amulet)
Regen    0.2/turn               t - ring of wizardry
MPRegen  0.2/turn               x - ring of see invisible

@: no status effects
A: no striking features
a: Evoke Invisibility


You were on level 3 of the Dungeon.
You were not hungry.

You visited 1 branch of the dungeon, and saw 3 of its levels.

You collected 132 gold pieces.

Inventory:

Hand Weapons
 b - a +0 spear
 g - a +1 hand axe (weapon)
 h - a +0 whip
 l - a +0 hunting sling
 u - a +0 spear
Missiles
 f - 40 arrows
 k - 18 sling bullets
 r - 8 poisoned needles
Armour
 c - a +1 robe
 e - a +0 robe
 m - a +0 cloak
 n - a +0 pair of boots (worn)
 p - a +0 pair of gloves (worn)
 q - a +0 leather armour (worn)
 s - a +2 cloak of invisibility (worn)
 y - a +0 leather armour
Jewellery
 t - a ring of wizardry (left hand)
 x - a ring of see invisible (right hand)
Wands
 v - a wand of paralysis (7/24)
Books
 a - a book of Minor Magic

   Spells                             Type                      Level
   a - Magic Dart                     Conjuration                  1
   b - Blink                          Translocation                2
   c - Call Imp                       Summoning                    2
   d - Slow                           Hexes                        2
   e - Conjure Flame                  Conjuration/Fire             3
   f - Mephitic Cloud                 Conjuration/Poison/Air       3
Comestibles
 d - 5 bread rations
 i - 2 royal jellies
 j - a chunk of flesh
 o - 4 fruits


   Skills:
 + Level 2.8 Fighting
 + Level 2.5 Axes
 + Level 1.2 Armour
 + Level 0.8 Dodging
 + Level 0.9 Stealth
   Level 2.0 Shields
 + Level 2.6 Spellcasting
   Level 3.0 Charms
 + Level 0.2 Summonings


You had 4 spell levels left.
You knew the following spells:

 Your Spells              Type           Power        Failure   Level  Hunger
a - Call Imp              Summ           #.......     19%         2    ###....
b - Conjure Flame         Conj/Fire      #.......     36%         3    ####...


Dungeon Overview and Level Annotations

Branches:
Dungeon (3/15)

Altars:


Message History

The rat barely misses you.
The rat twitches its whiskers.
The orc priest mumbles some strange prayers to Beogh against you.
Beogh smites you! The rat closely misses you.
You see here a club.
The orc priest invokes the aid of Beogh against you.
Beogh smites you!
* * * LOW HITPOINT WARNING * * *
The orc priest miscasts a cantrip.
Some of the chunks of flesh in your inventory have rotted away.
Casting: Conjure Flame
Confirm with . or Enter, or press ? or * to list all spells.
Aiming: Conjure Flame
Press: ? - help, Dir - move target cursor, p - orc priest The fire ignites!
The rat bites you.
* * * LOW HITPOINT WARNING * * *
The rat barely misses you. The rat bites you.
You die...

#.....# #.........#.......#
###.###.############.##.....##
....>.......# #.###...##
.##.#######.# #.# ##.## .##.#
#.# #.# #.# .##.# #.## #.##
#.# ,##.# #..## #..# #.# ,*#.#
##.#.######..# #.#
,*#.######.###..@>....# #.#
,*#.....).## ##r####..###.#
,*###......#*#......#.....# ,*
#.#####.#.######.###### ,* #.#
*#.#* #.# ,* #.# ### #.#
,***#.# #.# ,,,,#.# #.#
**#(#.# #o#


You could see a rat.

Vanquished Creatures
  2 adders (D:3)
  An ooze (D:3)
  A dart slug (D:2)
  3 leopard geckos
  6 giant cockroaches
  5 goblins
  8 hobgoblins
  2 jackals (D:1)
  2 quokkas
  3 ball pythons
  9 bats
  3 frilled lizards
  3 kobolds
  8 rats
56 creatures vanquished.

Vanquished Creatures (collateral kills)
  An orc wizard (D:3)
  An adder (D:3)
  A worm (D:2)
  An orc (D:3)
  A hobgoblin (D:3)
  A bat (D:3)
  A kobold (D:3)
  A rat (D:2)
8 creatures vanquished.

Grand Total: 64 creatures vanquished

Notes
Turn   | Place    | Note
-------+----------+-------------------------------------------
     0 | D:1      | Koyanaruu the Human Wanderer began the quest for the Orb.
     0 | D:1      | Koyanaruu set off with: a book of Minor Magic, a +0 spear, a +0 robe, a bread ration
     0 | D:1      | Reached XP level 1. HP: 16/16 MP: 3/3
     2 | D:1      | Learned a level 1 spell: Magic Dart
   582 | D:1      | Reached XP level 2. HP: 19/22 MP: 5/5
  1346 | D:2      | Reached XP level 3. HP: 16/28 MP: 6/6
  2101 | D:2      | Learned a level 2 spell: Call Imp
  2172 | D:2      | Reached skill level 1 in Axes
  2673 | D:3      | Reached XP level 4. HP: 32/34 MP: 7/7
  2847 | D:3      | Learned a level 3 spell: Conjure Flame
  3417 | D:3      | Reached XP level 5. HP: 33/40 MP: 7/9
  3807 | D:3      | HP: 2/40 [orc priest/divine providence (12)]
  3814 | D:3      | HP: 1/40 [rat (2)]
  3824 | D:3      | Slain by a rat

Skill      XL: |  1  2  3  4 |
---------------+-------------+-----
Axes           | 1 2 |  2.5
Fighting       | |  2.8
Armour         | |  1.2
Dodging        | |  0.8
Stealth        | |  0.9
Shields        | |  2.0
Spellcasting   | |  2.6
Charms         | |  3.0
Summonings     | |  0.2

Action                   |  1- 3 |  4- 6 || total
-------------------------+-------+-------++-------
Melee: Hand axe          |   139 |    60 ||   199
       Spear             |     1 |       ||     1
 Cast: Magic Dart        |     3 |       ||     3
       Call Imp          |     1 |     5 ||     6
       Conjure Flame     |       |     2 ||     2
  Use: Scroll            |     5 |     4 ||     9
       Potion            |     4 |     1 ||     5
 Stab: Sleeping          |     1 |     1 ||     2
  Eat: Chunk             |     6 |     2 ||     8
       Royal jelly       |       |     1 ||     1
Armor: Robe              |    69 |       ||    69
       Leather armour    |       |    31 ||    31
Dodge: Dodged            |   142 |    44 ||   186
